 Dungeon Crawl Stone Soup version 0.23-a0-375-g66a18ee (console) character file.

95 Voker57 the Stinger (level 4, -5/32 HPs)
             Began as a Demonspawn Venom Mage on Oct 26, 2018.
             Slain by an orc warrior
             ... wielding a cursed -2 short sword
              (18 damage)
             ... on level 2 of the Dungeon.
             The game lasted 00:05:27 (2463 turns).

Voker57 the Stinger (Demonspawn Venom Mage)         Turns: 2463, Time: 00:05:28

Health: -5/32      AC:  7    Str:  8    XL:     4   Next: 40%
Magic:  1/8        EV: 12    Int: 18    God:
Gold:   80         SH:  0    Dex: 13    Spells: 2/8 levels left

rFire    . . .     SeeInvis .   d - +0 hand axe
rCold    . . .     Gourm    .   (no shield)
rNeg     . . .     Faith    .   a - +0 robe
rPois    .         Spirit   .   (no helmet)
rElec    .         Reflect  .   (no cloak)
rCorr    .         Harm     .   (no gloves)
MR       .....                  l - +2 pair of boots
Stlth    ++........             (no amulet)
HPRegen  0.10/turn              (no ring)
MPRegen  0.11/turn              (no ring)

@: no status effects
A: molten scales 1
a: no special abilities


You were on level 2 of the Dungeon.
You were very hungry.

You visited 1 branch of the dungeon, and saw 2 of its levels.

You collected 80 gold pieces.

Inventory:

Hand Weapons
 d - a +0 hand axe (weapon)
Armour
 a - a +0 robe (worn)
 l - a +2 pair of boots (worn)
Wands
 m - a wand of disintegration (16)
Scrolls
 e - 3 scrolls of remove curse {unknown}
 g - 2 scrolls of teleportation {unknown}
 h - 3 scrolls of identify {unknown}
 i - a scroll of random uselessness {unknown}
 j - a scroll of fear {unknown}
 k - a scroll of blinking {unknown}
Potions
 b - a potion of brilliance {unknown}
 f - 3 potions of curing {unknown}
 n - a potion of heal wounds {unknown}
Comestibles
 c - 2 rations


   Skills:
 + Level 1.3 Fighting
 + Level 2.3 Dodging
 - Level 1.7 Stealth
 + Level 2.7 Spellcasting
 + Level 1.8 Conjurations
 + Level 3.7 Poison Magic


You had 2 spell levels left.
You knew the following spells:

 Your Spells              Type           Power        Failure   Level  Hunger
a - Sting                 Conj/Pois      ##..         5%          1    #......
b - Poisonous Vapours     Pois/Air       #.....       12%         2    ##.....
c - Mephitic Cloud        Conj/Pois/Air  #.......     24%         3    ###....

Your spell library contained the following spells:

 Spells                   Type           Power        Failure   Level  Hunger
 Olgreb's Toxic Radiance  Pois           ###.....     34%         4    #####..
 Venom Bolt               Conj/Pois      ##........   82%         5    ######.


Dungeon Overview and Level Annotations

Branches:
Dungeon (2/15)

Altars:


Innate Abilities, Weirdness & Mutations

You are partially covered in molten scales. (AC +2)


Message History

* * * LOW HITPOINT WARNING * * *
Your magical contamination has completely faded away.
Items here: ) ? [[ ÷ a scroll labeled JYCZEI BECRIFEGO; a +0 ring mail x2; a +0 club; an orc You see here a stone.
You are feeling very hungry.
Casting: Sting (safe; 5% risk of failure)
Confirm with . or Enter, or press ? or * to list all spells.
Aiming: Mephitic Cloud (safe; 24% risk of failure)
Press: ? - help, Shift-Dir - straight line, f/p - orc warrior
Aim: an orc warrior, wielding a -2 short sword and wearing a +0 plate armour The ball explodes into a vile cloud!
The stinking cloud engulfs the orc warrior.
The orc warrior is lightly wounded.
The orc warrior is engulfed in noxious fumes.
You barely miss the orc warrior.
The orc warrior is moderately wounded.
The orc warrior hits you with a cursed -2 short sword!!
Ouch! That really hurt!
You die...

#.#...## ###..(##.>.......#
#.# #.#....#
#....###.........# #..
#.#....## #...##
##........# ###
#.#..#..####.?## #........#
# #.#..#....##..####
#........#
#....#.(#........#
#......>.#
#...###..........#
#........# ## #...#
#.##..(....# #........####.
#...#
#.##.......###........##...
....#
####......@o§§...#..##.....
....#
######...###..........##
....# ####..##.###.....##
....# #.......[..####..###
.#### #....##.##..........
.#
######.......###.........
.########.........####
#.........
......†)..####....#
#......... ###########
#....# ########## #....#


You could see an orc warrior.

Vanquished Creatures
  Jessica (D:2)
  2 adders (D:2)
  A worm (D:2)
  A leopard gecko (D:1)
  4 orcs
  4 bats
  A giant cockroach (D:2)
  7 goblins
  2 hobgoblins (D:1)
  6 jackals (D:1)
  2 ball pythons
  4 frilled lizards
  4 kobolds
  5 rats
44 creatures vanquished.

Notes
Turn   | Place    | Note
-------+----------+-------------------------------------------
     0 | D:1      | Voker57 the Demonspawn Venom Mage began the quest for the
                  | Orb.
     0 | D:1      | Reached XP level 1. HP: 13/13 MP: 3/3
   301 | D:1      | Gained mutation: You are partially covered in molten
                  | scales. (AC +2) [demonic ancestry]
   301 | D:1      | Reached XP level 2. HP: 17/19 MP: 1/5
  1643 | D:2      | Noticed an orc warrior
  1656 | D:1      | Reached XP level 3. HP: 20/25 MP: 0/6
  1917 | D:2      | Reached skill level 1 in Fighting
  1965 | D:2      | Noticed Jessica
  1970 | D:2      | Killed Jessica
  1970 | D:2      | Reached XP level 4. HP: 32/32 MP: 1/8
  2302 | D:1      | Learned a level 2 spell: Poisonous Vapours
  2306 | D:1      | Learned a level 3 spell: Mephitic Cloud
  2463 | D:2      | Slain by an orc warrior

Vault maps used:
D:1:      dpeg_arrival_concentric_ovals
D:2:      chequers_ecumenical_altar_simple_redux, uniq_jessica

Skill      XL: |  1  2  3 |
---------------+----------+-----
Dodging        | 2 |  2.3
Fighting       | 1 |  1.3
Stealth        | |  1.7
Spellcasting   | |  2.7
Conjurations   | |  1.8
Poison Magic   | |  3.7

Action                   |  1- 3 |  4- 6 || total
-------------------------+-------+-------++-------
Melee: Unarmed           |     9 |       ||     9
       Hand axe          |    34 |    29 ||    63
 Cast: Sting             |    74 |    22 ||    96
       Mephitic Cloud    |       |     2 ||     2
       Poisonous Vapours |       |     1 ||     1
  Eat: Chunk             |     4 |     1 ||     5
Armor: Robe              |    22 |    21 ||    43
Dodge: Dodged            |    32 |    30 ||    62

Table legend:
 A = Non-vault XP
 B = Vault XP
 C = Vault XP percentage of total XP
 D = Non-vault monster count
 E = Vault monster count
 F = Vault count percentage of total count
                 A         B        C        D         E       F
            +---------+---------+-------+---------+---------+-------
      Total |     100 |      37 |  27.0 |      43 |       1 |   2.3
            +---------+---------+-------+---------+---------+-------
        D:1 |      45 |       0 |   0.0 |      26 |       0 |   0.0
        D:2 |      55 |      37 |  40.2 |      17 |       1 |   5.6
            +---------+---------+-------+---------+---------+-------
